[ AOE2 MATCH · #483520520 ]
UnrankedSaracens vs Hindustanis
Player's team · LOSS
[ REPLAY ANALYSIS · EXTRACTED FROM THE RECORDED GAME ]
Feudal
9:50
Castle
23:19
Imperial
—
| APM avg | 41.5 |
| APM peak | 76 |
| eAPM avg | 19.2 |
| Villagers / military | 137 / 79 |
Focus
⚔️ 37.1% · 🌾 62.9%
Archer ×37 · Mameluke ×25 · Spearman ×17
Feudal
8:53
Castle
24:21
Imperial
48:34
| APM avg | 52.6 |
| APM peak | 97 |
| eAPM avg | 29.5 |
| Villagers / military | 150 / 177 |
Focus
⚔️ 30.2% · 🌾 69.8%
Scout Cavalry ×72 · Ghulam ×46 · Hand Cannoneer ×25 · Camel Scout ×18 · Bombard Cannon ×7 · Monk ×5
Match map
Initial resources + every placement click. Lines = walls · curves = elevation contours. ◆ gold · ⬟ stone · ● berries · ✦ relic · ◌ wall gap
Your base· ✓ Closed at 23:19 · 60t walls · no gate
heheda's base· ✓ Closed at 24:21 · 67t walls · 1 gate(s)
Smoothed initial terrain · ◌ = detected wall gap · hover for details
Inputs per minute
— Master - - heheda
Build order — Master
First 150 of 340 actions detected
| 0:02 | Create | Villager (Male) |
| 0:02 | Create | Villager (Male) |
| 0:03 | Create | Villager (Male) |
| 0:03 | Create | Villager (Male) |
| 0:04 | Build | House |
| 0:06 | Build | House |
| 1:26 | Create | Villager (Male) |
| 1:27 | Create | Villager (Male) |
| 1:54 | Build | Lumber Camp |
| 2:03 | Create | Villager (Male) |
| 2:29 | Create | Villager (Male) |
| 2:57 | Create | Villager (Male) |
| 2:58 | Create | Villager (Male) |
| 3:20 | Create | Villager (Male) |
| 3:20 | Create | Villager (Male) |
| 3:48 | Build | House |
| 3:55 | Create | Villager (Male) |
| 4:00 | Build | Mill |
| 4:13 | Create | Villager (Male) |
| 4:40 | Create | Villager (Male) |
| 4:58 | Create | Villager (Male) |
| 5:12 | Create | Villager (Male) |
| 5:55 | Create | Villager (Male) |
| 6:00 | Build | House |
| 6:03 | Create | Villager (Male) |
| 6:15 | Create | Villager (Male) |
| 7:08 | Research | Loom |
| 7:38 | Research | Feudal Age |
| 7:38 | Research | Feudal Age |
| 8:29 | Build | Barracks |
| 8:46 | Build | Mining Camp |
| 9:05 | Create | Villager (Male) |
| 9:05 | Create | Villager (Male) |
| 9:16 | Build | Palisade Wall |
| 9:20 | Build | Palisade Wall |
| 9:37 | Build | House |
| 9:50 | Age | Feudal Age |
| 9:52 | Build | Archery Range |
| 9:53 | Create | Spearman |
| 9:57 | Research | Double-Bit Axe |
| 9:58 | Research | Double-Bit Axe |
| 10:27 | Create | Villager (Male) |
| 10:45 | Build | Palisade Wall |
| 10:46 | Create | Archer |
| 10:51 | Build | Palisade Wall |
| 11:03 | Create | Villager (Male) |
| 11:12 | Build | Farm |
| 11:13 | Build | Farm |
| 11:22 | Create | Archer |
| 11:31 | Create | Villager (Male) |
| 11:46 | Create | Archer |
| 11:54 | Build | House |
| 12:01 | Create | Villager (Male) |
| 12:04 | Build | Farm |
| 12:07 | Research | Town Watch |
| 12:23 | Build | Palisade Wall |
| 12:33 | Create | Archer |
| 12:44 | Build | Blacksmith |
| 12:52 | Build | House |
| 12:54 | Create | Spearman |
| 13:04 | Create | Villager (Male) |
| 13:04 | Create | Archer |
| 13:25 | Create | Spearman |
| 13:45 | Create | Spearman |
| 13:47 | Create | Archer |
| 13:55 | Build | House |
| 13:58 | Create | Villager (Male) |
| 13:58 | Create | Villager (Male) |
| 14:13 | Build | Farm |
| 14:14 | Build | Farm |
| 14:15 | Build | Farm |
| 14:16 | Research | Fletching |
| 14:17 | Research | Fletching |
| 14:19 | Create | Spearman |
| 15:12 | Create | Villager (Male) |
| 15:23 | Build | House |
| 15:29 | Build | Palisade Wall |
| 15:44 | Create | Villager (Male) |
| 15:45 | Create | Villager (Male) |
| 15:46 | Build | Farm |
| 15:57 | Create | Villager (Male) |
| 16:04 | Build | Farm |
| 16:05 | Build | Farm |
| 16:06 | Build | Farm |
| 16:08 | Create | Villager (Male) |
| 16:14 | Create | Archer |
| 16:32 | Create | Archer |
| 16:43 | Create | Villager (Male) |
| 17:10 | Build | House |
| 17:12 | Build | House |
| 17:14 | Build | House |
| 17:18 | Build | House |
| 17:38 | Create | Villager (Male) |
| 17:38 | Create | Villager (Male) |
| 18:05 | Create | Spearman |
| 18:26 | Create | Archer |
| 18:35 | Create | Villager (Male) |
| 18:38 | Create | Villager (Male) |
| 18:52 | Build | Farm |
| 18:53 | Build | Farm |
| 18:54 | Build | Farm |
| 19:11 | Create | Archer |
| 19:12 | Create | Archer |
| 19:49 | Build | Farm |
| 19:49 | Create | Villager (Male) |
| 19:56 | Create | Villager (Male) |
| 20:22 | Build | House |
| 20:31 | Research | Castle Age |
| 20:47 | Build | House |
| 21:05 | Create | Spearman |
| 21:12 | Build | House |
| 21:17 | Build | House |
| 21:19 | Build | House |
| 21:22 | Build | House |
| 21:25 | Build | Palisade Wall |
| 21:45 | Build | Palisade Wall |
| 22:07 | Create | Villager (Male) |
| 22:07 | Create | Villager (Male) |
| 22:28 | Build | Archery Range |
| 22:56 | Research | Wheelbarrow |
| 23:19 | Age | Castle Age |
| 23:42 | Research | Crossbowman (upgrade) |
| 23:43 | Research | Bodkin Arrow |
| 23:43 | Research | Bodkin Arrow |
| 23:44 | Create | Villager (Male) |
| 23:48 | Create | Villager (Male) |
| 24:01 | Create | Archer |
| 24:02 | Create | Archer |
| 24:03 | Create | Archer |
| 24:07 | Create | Villager (Male) |
| 24:37 | Create | Villager (Male) |
| 24:48 | Build | Town Center |
| 24:54 | Create | Villager (Male) |
| 24:54 | Create | Villager (Male) |
| 24:56 | Create | Archer |
| 24:56 | Create | Archer |
| 24:56 | Create | Archer |
| 25:01 | Research | Padded Archer Armor |
| 25:01 | Research | Padded Archer Armor |
| 25:37 | Create | Archer |
| 25:38 | Create | Archer |
| 25:39 | Create | Spearman |
| 25:49 | Create | Villager (Male) |
| 25:53 | Build | Farm |
| 26:09 | Research | Pikeman (upgrade) |
| 26:10 | Create | Spearman |
| 26:20 | Build | Farm |
| 26:27 | Create | Villager (Male) |
| 26:32 | Create | Archer |
| 26:32 | Create | Archer |
Build order — heheda
First 150 of 555 actions detected
| 0:01 | Create | Villager (Male) |
| 0:01 | Create | Villager (Male) |
| 0:02 | Build | House |
| 0:26 | Create | Villager (Male) |
| 0:26 | Create | Villager (Male) |
| 0:26 | Create | Villager (Male) |
| 1:16 | Create | Villager (Male) |
| 1:17 | Create | Villager (Male) |
| 1:55 | Create | Villager (Male) |
| 1:55 | Create | Villager (Male) |
| 2:00 | Build | House |
| 2:02 | Build | House |
| 2:02 | Build | Palisade Wall |
| 2:08 | Create | Villager (Male) |
| 2:41 | Create | Villager (Male) |
| 2:41 | Create | Villager (Male) |
| 2:47 | Build | Lumber Camp |
| 2:59 | Build | Palisade Wall |
| 3:04 | Create | Villager (Male) |
| 3:32 | Create | Villager (Male) |
| 3:42 | Build | Palisade Wall |
| 3:54 | Create | Villager (Male) |
| 3:54 | Create | Villager (Male) |
| 3:55 | Create | Villager (Male) |
| 4:13 | Create | Villager (Male) |
| 4:13 | Create | Villager (Male) |
| 4:57 | Create | Villager (Male) |
| 5:18 | Create | Villager (Male) |
| 5:18 | Create | Villager (Male) |
| 5:18 | Create | Villager (Male) |
| 5:43 | Build | Palisade Wall |
| 5:53 | Create | Villager (Male) |
| 5:53 | Create | Villager (Male) |
| 5:56 | Research | Loom |
| 6:06 | Build | Mill |
| 6:42 | Research | Feudal Age |
| 6:42 | Research | Feudal Age |
| 6:55 | Build | Palisade Wall |
| 7:49 | Build | Barracks |
| 7:52 | Build | Palisade Wall |
| 7:54 | Build | Palisade Wall |
| 7:56 | Build | Palisade Wall |
| 8:02 | Build | House |
| 8:04 | Build | Palisade Wall |
| 8:28 | Build | Palisade Wall |
| 8:30 | Build | Palisade Wall |
| 8:32 | Build | Palisade Wall |
| 8:52 | Build | House |
| 8:53 | Age | Feudal Age |
| 8:55 | Build | Stable |
| 8:56 | Create | Villager (Male) |
| 9:04 | Create | Villager (Male) |
| 9:15 | Create | Villager (Male) |
| 9:33 | Build | Palisade Wall |
| 9:35 | Create | Villager (Male) |
| 9:37 | Research | Double-Bit Axe |
| 9:58 | Create | Scout Cavalry |
| 10:10 | Create | Scout Cavalry |
| 10:34 | Create | Villager (Male) |
| 10:40 | Build | Palisade Gate |
| 10:46 | Build | House |
| 10:52 | Create | Villager (Male) |
| 11:09 | Create | Scout Cavalry |
| 11:18 | Build | House |
| 11:26 | Create | Villager (Male) |
| 11:37 | Build | Mining Camp |
| 11:47 | Create | Scout Cavalry |
| 11:51 | Create | Villager (Male) |
| 11:51 | Create | Villager (Male) |
| 12:04 | Create | Scout Cavalry |
| 12:13 | Build | House |
| 12:15 | Build | House |
| 12:24 | Create | Villager (Male) |
| 12:35 | Research | Horse Collar |
| 12:52 | Create | Villager (Male) |
| 12:53 | Build | Farm |
| 12:53 | Build | Farm |
| 12:53 | Build | Farm |
| 12:55 | Build | Farm |
| 12:55 | Build | Farm |
| 12:55 | Build | Farm |
| 12:55 | Build | Farm |
| 13:03 | Build | Farm |
| 13:10 | Create | Scout Cavalry |
| 13:21 | Create | Villager (Male) |
| 13:22 | Build | Farm |
| 13:51 | Create | Scout Cavalry |
| 13:52 | Create | Villager (Male) |
| 13:59 | Build | House |
| 14:07 | Build | Farm |
| 14:09 | Build | Farm |
| 14:11 | Build | Farm |
| 14:17 | Build | House |
| 14:40 | Create | Scout Cavalry |
| 14:41 | Create | Villager (Male) |
| 14:44 | Build | Farm |
| 15:01 | Create | Scout Cavalry |
| 15:06 | Create | Villager (Male) |
| 15:11 | Build | Farm |
| 15:12 | Build | Farm |
| 15:13 | Build | Farm |
| 15:16 | Build | Farm |
| 15:32 | Create | Scout Cavalry |
| 15:33 | Create | Villager (Male) |
| 15:38 | Build | Farm |
| 15:45 | Build | House |
| 15:47 | Build | House |
| 15:50 | Build | Palisade Wall |
| 15:51 | Build | Palisade Wall |
| 15:52 | Create | Villager (Male) |
| 15:57 | Create | Scout Cavalry |
| 16:09 | Build | Lumber Camp |
| 16:14 | Create | Villager (Male) |
| 16:21 | Create | Villager (Male) |
| 16:25 | Create | Scout Cavalry |
| 16:42 | Build | Farm |
| 16:42 | Build | Farm |
| 16:42 | Build | Farm |
| 16:43 | Build | Farm |
| 16:43 | Build | Farm |
| 16:49 | Build | House |
| 16:54 | Create | Villager (Male) |
| 17:04 | Create | Scout Cavalry |
| 17:05 | Create | Villager (Male) |
| 17:40 | Create | Villager (Male) |
| 17:41 | Create | Scout Cavalry |
| 17:48 | Build | Blacksmith |
| 17:57 | Create | Villager (Male) |
| 18:19 | Create | Scout Cavalry |
| 18:20 | Create | Villager (Male) |
| 18:26 | Build | Farm |
| 18:27 | Build | Farm |
| 18:30 | Build | Farm |
| 18:32 | Build | Mill |
| 18:37 | Build | Farm |
| 18:57 | Create | Villager (Male) |
| 19:06 | Research | Forging |
| 19:21 | Build | Farm |
| 19:23 | Build | Farm |
| 19:23 | Build | Farm |
| 19:23 | Build | Farm |
| 19:24 | Create | Villager (Male) |
| 20:06 | Create | Villager (Male) |
| 20:20 | Create | Villager (Male) |
| 20:45 | Build | Market |
| 21:41 | Research | Castle Age |
| 22:07 | Build | Stable |
| 22:13 | Create | Scout Cavalry |
| 22:20 | Build | Farm |
| 22:20 | Build | Farm |
Match timeline
| 2:02 | heheda · wall_segment Palisade Wall x4 |
| 2:59 | heheda · wall_segment Palisade Wall x5 |
| 3:42 | heheda · wall_segment Palisade Wall x3 |
| 5:43 | heheda · wall_segment Palisade Wall x6 |
| 6:55 | heheda · wall_segment Palisade Wall x2 |
| 7:49 | heheda · first_building Barracks |
| 7:52 | heheda · wall_segment Palisade Wall x7 |
| 7:54 | heheda · wall_segment Palisade Wall x2 |
| 7:56 | heheda · wall_segment Palisade Wall x6 |
| 8:04 | heheda · wall_segment Palisade Wall x6 |
| 8:28 | heheda · wall_segment Palisade Wall x2 |
| 8:29 | Master · first_building Barracks |
| 8:30 | heheda · wall_segment Palisade Wall x2 |
| 8:32 | heheda · wall_segment Palisade Wall x2 |
| 8:53 | heheda · age_up feudal |
| 8:55 | heheda · first_building Stable |
| 9:16 | Master · wall_segment Palisade Wall x4 |
| 9:20 | Master · wall_segment Palisade Wall x4 |
| 9:33 | heheda · wall_segment Palisade Wall x22 |
| 9:50 | Master · age_up feudal |
| 9:52 | Master · first_building Archery Range |
| 10:45 | Master · wall_segment Palisade Wall x3 |
| 10:51 | Master · wall_segment Palisade Wall x6 |
| 12:23 | Master · wall_segment Palisade Wall x20 |
| 15:29 | Master · wall_segment Palisade Wall x22 |
| 15:50 | heheda · wall_segment Palisade Wall x3 |
| 15:51 | heheda · wall_segment Palisade Wall x3 |
| 21:25 | Master · wall_segment Palisade Wall x1 |
| 21:45 | Master · wall_segment Palisade Wall x1 |
| 23:19 | Master · age_up castle |
| 24:21 | heheda · age_up castle |
| 24:53 | heheda · first_market_buy 100 food |
| 26:06 | heheda · first_building Monastery |
| 26:07 | heheda · wall_segment Palisade Wall x2 |
| 26:08 | heheda · wall_segment Palisade Wall x3 |
| 29:48 | Master · wall_segment Palisade Wall x6 |
| 30:30 | Master · wall_segment Palisade Wall x1 |
| 32:57 | heheda · wall_segment Palisade Wall x1 |
| 33:43 | heheda · first_building Castle |
| 41:09 | Master · first_building Castle |
| 43:02 | Master · first_market_sell 100 stone |
| 43:04 | Master · first_market_buy 100 food |
| 44:05 | heheda · first_building Siege Workshop |
| 48:34 | heheda · age_up imperial |
| 49:26 | heheda · first_building Archery Range |
| 51:26 | heheda · first_market_sell 500 food |
| 53:47 | Master · resign |
[ AI ANALYSIS · 1 CREDIT ]
What really happened in this match?
Wolo.gg analyzes every decision: build order, eco, micro, common mistakes by bracket. Personalized analysis on WhatsApp or Discord in 30 seconds.
Civ guide
Saracens
Perfil
Jugador #1752667